 Dungeon Crawl Stone Soup version 0.30-a0-989-g0d87f670db (webtiles) character file.

Game seed: 13912873454588698953

63 Dirtsage the Chopper (level 3, -3/29 HPs)
             Began as a Demonspawn Berserker on Apr 3, 2023.
             Was a Believer of Trog.
             Slain by Natasha (7 damage)
             ... on level 2 of the Dungeon.
             The game lasted 00:01:55 (1015 turns).

Dirtsage the Chopper (Demonspawn Berserker)         Turns: 1015, Time: 00:01:55

Health: -3/29      AC:  8    Str: 19    XL:     3   Next: 87%
Magic:  3/3        EV:  7    Int:  8    God:    Trog [**....]
Gold:   59         SH:  0    Dex: 14    Spells: 2/2 levels left

rFire   . . .      SeeInvis .    a - +0 hand axe
rCold   . . .      Faith    .    (no shield)
rNeg    . . .      Spirit   .    h - +0 chain mail
rPois   .          Reflect  .    (no helmet)
rElec   .          Rampage  .    (no cloak)
rCorr   .                        (no gloves)
Will    .....                    (no boots) Stlth
                                 (no amulet)
HPRegen 0.24/turn                (no ring)
MPRegen 0.08/turn                (no ring)

@: on berserk cooldown, slowed, very slow
A: claws 1, thin skeletal structure 1
a: Renounce Religion, Berserk, Trog's Hand


You were on level 2 of the Dungeon.
You worshipped Trog.
Trog was pleased with you.
You visited 1 branch of the dungeon, and saw 2 of its levels.

You collected 59 gold pieces.

Inventory:

Hand Weapons
 a - a +0 hand axe (weapon)
Armour
 b - a +0 animal skin
 h - a +0 chain mail (worn)
Scrolls
 k - a scroll of blinking {unknown}
 l - a scroll of magic mapping {unknown}
 m - a scroll of identify {unknown}
 o - a scroll of fog {unknown}
Potions
 c - 3 potions of curing {unknown}
 d - 2 potions of heal wounds {unknown}
 e - a potion of degeneration {unknown}
 f - a potion of mutation {unknown}
 g - a potion of lignification {unknown}
 i - 2 potions of flight {unknown}
 j - a potion of brilliance {unknown}
 n - a potion of might {unknown}


   Skills:
 - Level 3.0 Fighting
 + Level 4.4 Axes
 - Level 1.7 Armour
 - Level 1.7 Dodging


You had 2 spell levels left.
You didn't know any spells.
Your spell library was empty.

Dungeon Overview and Level Annotations

Branches:
Dungeon (2/15)

Altars:

Shops:
D:2 *

Annotations:
D:2 Natasha


Innate Abilities, Weirdness & Mutations

You have sharp fingernails.
You have a somewhat thin skeletal structure. (Dex +2, Stealth+)


Message History

You closely miss the quokka. You claw the quokka.
You kill the quokka!
Trog accepts your kill.
You closely miss the hobgoblin.
The hobgoblin hits you but does no damage. x2
You hit the hobgoblin.
The hobgoblin is severely wounded.
The hobgoblin barely misses you. x2
You hit the hobgoblin.
You kill the hobgoblin!
Trog accepts your kill.
You hit the endoplasm.
The endoplasm is almost dead.
The endoplasm hits you. The endoplasm freezes you.
You are frozen.
You take 5 damage, and have 22/29 hp.
You hit the endoplasm.
You kill the endoplasm!
Trog accepts your kill.
Natasha, Servant of Life and Death comes into view.
Found a clear potion.
Found Riroyw's General Store.
Natasha hisses angrily.
You see here a hobgoblin corpse.
Natasha claws you.
You take 3 damage, and have 20/29 hp.
Natasha claws you.
You take 5 damage, and have 15/29 hp.
Natasha casts a spell at you. The magic dart hits you.
You take 3 damage, and have 12/29 hp.
You barely miss Natasha. Natasha claws you.
You take 3 damage, and have 9/29 hp.
You hit Natasha.
Natasha is moderately wounded.
Natasha stares at you and mumbles some strange words.
The magic dart hits you.
* * * LOW HITPOINT WARNING * * *
Natasha claws you!
You die...

##.).###.#
#.###)## .
#^....# .
#.####.# .#
#†###.###
#....!...
#........
#.##.##h.......
#......@.......
#.##.###.......
# .......
..∩.... ##.####
.# .#


You could see Natasha.

Vanquished Creatures
  3 gnolls (D:2)
  A dart slug (D:1)
  5 ball pythons (D:1)
  5 endoplasms
  A giant cockroach (D:2)
  2 goblins (D:1)
  4 hobgoblins
  2 quokkas (D:2)
  2 bats (D:1)
  A kobold (D:1)
  2 rats (D:1)
28 creatures vanquished.

Notes
Turn   | Place    | Note
-------+----------+-------------------------------------------
     0 | D:1      | Dirtsage the Demonspawn Berserker began the quest for the
                  | Orb.
     0 | D:1      | Reached XP level 1. HP: 18/18 MP: 1/1
    72 | D:1      | Reached skill level 3 in Axes
   158 | D:1      | Gained mutation: You have sharp fingernails. [demonic
                  | ancestry]
   158 | D:1      | Reached XP level 2. HP: 21/24 MP: 2/2
   722 | D:1      | Reached ** piety under Trog
   986 | D:2      | Gained mutation: You have a somewhat thin skeletal
                  | structure. (Dex +2, Stealth+) [demonic ancestry]
   986 | D:2      | Reached XP level 3. HP: 29/29 MP: 3/3
   988 | D:2      | Reached skill level 4 in Axes
  1009 | D:2      | Found Riroyw's General Store.
  1009 | D:2      | Noticed Natasha
  1015 | D:2      | Slain by Natasha

Illustrated notes

Levels and vault maps discovered:
D:1:      lightli_arrival_lavapool, layout_basic, minmay_shallow_snake_nest
D:2:      layout_loops_cross, serial_shops, shop, serial_forest,
          infiniplex_forest_lined_corner, infiniplex_forest_zigzag_2,
          infiniplex_forest_lined_3_way, infiniplex_forest_end_2,
          infiniplex_forest_side_room, infiniplex_forest_straight_4,
          infiniplex_forest_clump_tiny, uniq_sigmund, uniq_natasha

Skill      XL: |  1  2  3 |
---------------+----------+-----
Axes           | 3 4 |  4.4
Fighting       | |  3.0
Armour         | |  1.7
Dodging        | |  1.7

Action                     || total
---------------------------++-------
  Melee: Hand axe          ||    71
         Punch             ||     1
 Invoke: Berserk           ||     1
 Armour: Animal skin       ||     4
         Chain mail        ||    20
  Dodge: Dodged            ||    28

Table legend: (Time is in decaauts)
 A = Elapsed time spent in this place.
 B = Non-inter-level travel time spent in this place.
 C = Inter-level travel time spent in this place.
 D = Time resting spent in this place.
 E = Time spent auto-exploring this place.
 F = Levels seen in this place.
 G = Mean time per level.
                   A        B        C        D        E       F      G
               +--------+--------+--------+--------+--------+-----+--------+
         Total |   1028 |    998 |     30 |      0 |    825 |   2 |  514.0 |
       Dungeon |   1028 |    998 |     30 |      0 |    825 |   2 |  514.0 |
               +--------+--------+--------+--------+--------+-----+--------+

Top non-repeatable levels by time:
     D:1: 986 daAuts
     D:2: 41 daAuts
